 Dungeon Crawl Stone Soup version 0.29.1-1-gd02db69 (webtiles) character file.

Game seed: 14957209828464856965

7270 Kel the Severer (level 11, -2/90 HPs)
             Began as a Gargoyle Berserker on Nov 25, 2022.
             Was a High Priest of Trog.
             Incinerated by a deep elf pyromancer (4 damage)
             ... with a sticky flame
             ... on level 8 of the Dungeon.
             The game lasted 00:16:23 (8731 turns).

Kel the Severer (Gargoyle Berserker)                Turns: 8731, Time: 00:16:23

Health: -2/90      AC: 30    Str: 26    XL:     11   Next: 12%
Magic:  11/11      EV:  6    Int:  7    God:    Trog [*****.]
Gold:   318        SH:  9    Dex:  9    Spells: 10/10 levels left

rFire   . . .      SeeInvis .   e - +2 hand axe (flame)
rCold   . . .      Faith    .   K - +0 tower shield
rNeg    + . .      Spirit   .   l - +0 plate armour
rPois   ∞          Reflect  .   t - +0 helmet
rElec   +          Harm     .   D - +2 cloak {rPois}
rCorr   .          Rampage  .   m - +0 pair of gloves
Will    .....                   s - +1 pair of boots {Fly}
Stlth   ..........              (no amulet)
HPRegen 0.25/turn               f - +4 ring of protection
MPRegen 0.12/turn               B - +4 ring of evasion

@: berserking, on fire, flying, glowing, very quick
A: sickness immunity, AC +8, negative energy resistance 1, electricity
resistance, torment resistance 1, petrification resistance
a: Renounce Religion, Berserk, Trog's Hand, Brothers in Arms


You were on level 8 of the Dungeon.
You worshipped Trog.
Trog was extremely pleased with you.
You visited 1 branch of the dungeon, and saw 8 of its levels.
You also visited: Ossuary.

You collected 569 gold pieces.
You spent 251 gold pieces at shops.

Inventory:

Hand Weapons
 e - a +2 hand axe of flaming (weapon)
Armour
 l - a +0 plate armour (worn)
 m - a +0 pair of gloves (worn)
 s - a +1 pair of boots of flying (worn)
 t - a +0 helmet (worn)
 D - a +2 cloak of poison resistance (worn)
 K - a +0 tower shield (worn)
Jewellery
 f - a +4 ring of protection (left hand)
 q - a ring of protection from fire
 B - a +4 ring of evasion (right hand)
 I - a +6 ring of strength
Scrolls
 a - 2 scrolls of blinking {unknown}
 b - 4 scrolls of immolation {unknown}
 c - a scroll of enchant armour {unknown}
 g - a scroll of summoning {unknown}
 h - 12 scrolls of identify {unknown}
 k - 6 scrolls of teleportation
 p - 2 scrolls of torment {unknown}
 v - a scroll of noise {unknown}
 x - a scroll of magic mapping {unknown}
 y - a scroll of poison {unknown}
 A - a scroll of acquirement {unknown}
 E - a scroll of silence {unknown}
 H - a scroll of brand weapon {unknown}
Potions
 d - 2 potions of haste {unknown}
 i - a potion of cancellation {unknown}
 j - 2 potions of brilliance {unknown}
 n - 2 potions of curing {unknown}
 o - 2 potions of lignification
 r - 3 potions of berserk rage {unknown}
 u - 3 potions of attraction {unknown}
 w - 2 potions of magic {unknown}
 z - 2 potions of degeneration {unknown}
 C - 2 potions of flight {unknown}
 F - a potion of heal wounds {unknown}
 G - a potion of ambrosia {unknown}
 J - 2 potions of might {unknown}
 L - 2 potions of mutation {unknown}


   Skills:
 - Level 3.2 Fighting
 + Level 15.4 Axes
 - Level 2.1 Armour
 - Level 1.5 Dodging


You had 10 spell levels left.
You didn't know any spells.
Your spell library was empty.

Dungeon Overview and Level Annotations

Branches:
Dungeon (8/15)             Temple (0/1) D:6         Ossuary (visited)
   Lair: D:8-11

Altars:
Cheibriados
Hepliaklqana
Kikubaaqudgha
Okawaru
The Shining One

Shops:
D:4 [   D:8 *

Annotations:
D:7 3 runed translucent doors, celadon's ghost, novice PaFi


Innate Abilities, Weirdness & Mutations

You are immune to sickness and miasma.
Your stone body is resilient. (AC +8)
You are immune to poison.
You resist negative energy. (rN+)
You are resistant to electric shocks. (rElec)
You are resistant to unholy torment.
You are immune to petrification.


Message History

You are no longer on fire.
The deep elf pyromancer gestures at you while chanting.
The sticky flame hits you.
You are covered in liquid flames!
You are covered in liquid flames!
* * * LOW HITPOINT WARNING * * *
The deep elf pyromancer casts a spell at you.
The sticky flame hits you but does no damage.
You are covered in liquid flames!
You closely miss the deep elf pyromancer.
The deep elf pyromancer is moderately wounded.
You are covered in liquid flames!
* * * LOW HITPOINT WARNING * * *
You block the deep elf pyromancer's attack.
A red film seems to cover your vision as you go berserk!
You feel yourself moving faster!
You feel mighty!
You are covered in liquid flames!
* * * LOW HITPOINT WARNING * * *
The deep elf pyromancer points at you and mumbles some strange words.
The bolt of fire hits you but does no damage.
You slash the deep elf pyromancer! You burn the deep elf pyromancer.
The deep elf pyromancer is severely wounded.
You are covered in liquid flames!
* * * LOW HITPOINT WARNING * * *
You barely miss the deep elf pyromancer.
The deep elf pyromancer is severely wounded.
You are covered in liquid flames!
* * * LOW HITPOINT WARNING * * *
The deep elf pyromancer points at you and mumbles some strange words.
The sticky flame hits you but does no damage.
You are covered in liquid flames!
You barely miss the deep elf pyromancer.
The deep elf pyromancer is severely wounded.
You are covered in liquid flames!
* * * LOW HITPOINT WARNING * * *
You block the deep elf pyromancer's attack.
You barely miss the deep elf pyromancer.
The deep elf pyromancer is severely wounded.
You are covered in liquid flames!
You die...

#.u..#....###. ..
#.....#.... .. .....
####o)####. ..# .....
####o÷### ..... ##..o...#
##... .. ##.Du...###
##... ... ...u####..#
#..## ##..
....####..#####...#.....
##.........)##..@e...#
##.........)##...##..#.o
##..88..##..##.#....##...
##..88.)##..##...).....#
........##..##))##.##..#
........##..##..# ## .#
..####....####..#### .###
..####....# ###.)..##†..#
##......####...........#


You could see a deep elf pyromancer.

Vanquished Creatures
  A two-headed ogre (D:8)
  A skeletal warrior (D:8)
  A manticore (D:8)
  Grinder (D:3)
  A slime creature (D:8)
  8 yaks
  A wraith (Ossuary)
  2 steam dragons
  A vampire mosquito (D:8)
  Menkaure (D:5)
  Edmund (D:4)
  2 water moccasins (D:7)
  4 orc warriors
  A black bear (D:5)
  A phantom (D:4)
  A centaur (D:7)
  2 elf zombies (D:5)
  2 bullfrogs
  3 kobold brigands
  An elf skeleton (D:5)
  6 necrophages
  3 scorpions
  12 wights
  6 killer bees (D:7)
  A howler monkey (D:8)
  2 hounds
  Crazy Yiuf (D:5)
  A human zombie (D:5)
  2 orc priests
  2 gnoll boudas
  A human skeleton (D:5)
  3 iguanas
  3 orc wizards
  A mummy (Ossuary)
  4 gnolls (D:5)
  6 adders
  An ufetubus (D:4)
  4 worms
  2 dart slugs
  30 orcs
  7 ball pythons
  9 endoplasms
  5 giant cockroaches
  8 goblins
  6 hobgoblins
  6 quokkas
  5 bats
  5 frilled lizards
  6 gnoll skeletons (Ossuary)
  14 kobolds
  4 kobold skeletons (Ossuary)
  15 orc skeletons (Ossuary)
  An orc zombie (D:5)
  5 rats
223 creatures vanquished.

Vanquished Creatures (others)
  An orc wizard (D:7)
1 creature vanquished.

Grand Total: 224 creatures vanquished

Notes
Turn   | Place    | Note
-------+----------+-------------------------------------------
     0 | D:1      | Kel the Gargoyle Berserker began the quest for the Orb.
     0 | D:1      | Reached XP level 1. HP: 14/14 MP: 1/1
   257 | D:1      | Reached skill level 3 in Axes
   345 | D:1      | Reached XP level 2. HP: 19/19 MP: 2/2
   503 | D:1      | Found a faded altar of an unknown god.
   918 | D:2      | Reached XP level 3. HP: 22/23 MP: 3/3
   918 | D:2      | Reached ** piety under Trog
  1184 | D:2      | Reached skill level 4 in Axes
  1365 | D:3      | Reached XP level 4. HP: 26/28 MP: 4/4
  1617 | D:3      | Noticed Grinder
  1633 | D:3      | Killed Grinder
  1634 | D:3      | Reached skill level 6 in Axes
  1634 | D:3      | Reached XP level 5. HP: 32/32 MP: 5/5
  1634 | D:3      | Reached XP level 6. HP: 37/37 MP: 6/6
  2478 | D:4      | Reached *** piety under Trog
  2504 | D:4      | Found Feizatell's Antique Armour Emporium.
  2771 | D:4      | Reached skill level 7 in Axes
  2771 | D:4      | Reached XP level 7. HP: 41/41 MP: 7/7
  2963 | D:4      | Noticed Edmund
  2981 | D:4      | Killed Edmund
  3387 | D:4      | Found a glowing golden altar of the Shining One.
  3447 | D:4      | Bought a pair of glowing boots for 157 gold pieces
  3447 | D:4      | Bought a helmet for 94 gold pieces
  3468 | D:5      | Entered Level 5 of the Dungeon
  3521 | D:5      | Reached skill level 8 in Axes
  3571 | D:5      | Found a runed translucent door.
  3572 | D:5      | Noticed Crazy Yiuf
  3629 | D:5      | Found a sand-covered staircase.
  3647 | Ossuary  | Entered an ossuary
  3647 | Ossuary  | Noticed a wraith
  3647 | Ossuary  | Noticed a wraith
  3647 | Ossuary  | Noticed a wraith
  3714 | Ossuary  | Noticed a wraith
  3749 | Ossuary  | Killed a wraith
  3750 | Ossuary  | Reached XP level 8. HP: 27/46 MP: 8/8
  3959 | Ossuary  | Reached **** piety under Trog
  4019 | D:5      | Reached skill level 9 in Axes
  4291 | D:5      | Reached skill level 10 in Axes
  4393 | D:5      | Noticed Menkaure
  4400 | D:5      | Killed Menkaure
  4401 | D:5      | Reached XP level 9. HP: 41/51 MP: 9/9
  4688 | D:5      | Found a hazy altar of Hepliaklqana.
  4799 | D:5      | Killed Crazy Yiuf
  4867 | D:6      | Found a snail-covered altar of Cheibriados.
  4888 | D:6      | Found an iron altar of Okawaru.
  5025 | D:6      | Found a staircase to the Ecumenical Temple.
  5074 | D:6      | Reached skill level 11 in Axes
  5183 | D:6      | Found an ancient bone altar of Kikubaaqudgha.
  6014 | D:7      | Reached skill level 12 in Axes
  6391 | D:7      | Found a runed translucent gate.
  6391 | D:7      | Noticed a four-headed hydra
  6392 | D:7      | Found a runed translucent gate.
  6393 | D:7      | Found a runed translucent gate.
  6401 | D:7      | Noticed celadon's ghost (novice PaFi)
  6673 | D:7      | Reached ***** piety under Trog
  6940 | D:7      | Reached XP level 10. HP: 56/56 MP: 10/10
  6953 | D:7      | Reached skill level 13 in Axes
  7529 | D:8      | Reached skill level 14 in Axes
  7758 | D:8      | Found Dippur's Assorted Antiques.
  8035 | D:8      | Noticed a skeletal warrior
  8035 | D:8      | Noticed a two-headed ogre
  8035 | D:8      | Noticed a manticore
  8036 | D:8      | Noticed a white ugly thing
  8046 | D:8      | Noticed a brown ugly thing
  8049 | D:8      | Killed a manticore
  8056 | D:8      | Killed a skeletal warrior
  8056 | D:8      | Noticed a deep elf pyromancer
  8413 | D:8      | Identified the +2 dagger "Ogre's Curse" {drain, rC+ Dex+3}
  8457 | D:8      | Killed a two-headed ogre
  8458 | D:8      | Reached skill level 15 in Axes
  8458 | D:8      | Reached XP level 11. HP: 38/60 MP: 11/11
  8730 | D:8      | HP: 2/90 [burnt (4)]
  8731 | D:8      | Incinerated by a deep elf pyromancer

Illustrated notes

Levels and vault maps discovered:
D:1:      shiori_shiawase, layout_basic, ebering_ecumenical_altar_sacrificial,
          kennysheep_boxes
D:2:      layout_basic, st_stairs_10, grunt_decor_junction
D:3:      minmay_chambers_of_twos, layout_basic, hex_large,
          grunt_decor_arrowhead, uniq_grinder
D:4:      layout_gridville, mainiacjoe_overflow_brackets, serial_shops,
          shop_coins, uniq_edmund
D:5:      layout_rooms, nicolae_hepliaklqana_hippocampus,
          nicolae_ossuary_entry_catacombs, kennysheep_small_spiral,
          minmay_misc_feat_nine_boxes, uniq_crazy_yiuf_cottage, uniq_menkaure
D:6:      layout_basic, overflow_temple_1_default, grunt_temple_overflow_open,
          minmay_temple_entry_water_ring
D:7:      layout_rooms, gammafunk_ghost_split, hangedman_decor_lopped
D:8:      minmay_bloctagon, layout_cave_pools,
          yredelemnul_forgotten_temple_becter, serial_shops,
          nicolae_take_the_stairs

Skill      XL: |  1  2  3  4  5  6  7  8  9 10 |
---------------+-------------------------------+-----
Axes           | 3 4 6 7 8 10 12 15 | 15.4
Fighting       | |  3.2
Armour         | |  2.1
Dodging        | |  1.5

Action                   |  1- 3 |  4- 6 |  7- 9 | 10-12 || total
-------------------------+-------+-------+-------+-------++-------
Melee: Hand axe          |    89 |   118 |   413 |   188 ||   808
       Punch             |     2 |     1 |     6 |     6 ||    15
Invok: Berserk           |       |     1 |     2 |     3 ||     6
       Brothers in Arms  |       |       |       |     1 ||     1
  Use: Potion            |       |       |     1 |       ||     1
       Scroll            |       |       |       |     3 ||     3
Armor: Ring mail         |    14 |       |       |       ||    14
       Animal skin       |     4 |       |       |       ||     4
       Plate armour      |    43 |    71 |   227 |   120 ||   461
       Skin              |       |       |    12 |       ||    12
Dodge: Dodged            |    53 |    28 |   147 |    58 ||   286
Block: Tower shield      |       |       |       |    29 ||    29
